 Dungeon Crawl Stone Soup version 0.21.1-1-g345015fe64 (webtiles) character file.

75 Ivernyr the Charmwright (level 4, 14/34 HPs)
             Began as a Demonspawn Skald on Apr 28, 2018.
             Quit the game on level 3 of the Dungeon.
             The game lasted 00:02:58 (1808 turns).

Ivernyr the Charmwright (Demonspawn Skald)          Turns: 1808, Time: 00:02:59

Health: 14/34      AC:  2    Str: 11    XL:     4   Next: 11%
Magic:  5/7        EV: 12    Int: 15    God:
Gold:   115        SH:  0    Dex: 13    Spells: 2/7 levels left

rFire    + . .     SeeInvis .   a - +0 falchion
rCold    x . .     Gourm    .   (no shield)
rNeg     . . .     Faith    .   b - -1 robe (curse)
rPois    .         Spirit   .   j - +0 helmet
rElec    .         Reflect  .   (no cloak)
rCorr    .         Harm     .   (no gloves)
MR       .....                  (no boots)
Stlth    ++........             (no amulet)
HPRegen  0.11/turn              t - ring of fire
MPRegen  0.10/turn              (no ring)

@: mildly poisoned (14 -> 12)
A: talons 1, nightstalker 1
a: no special abilities


You were on level 3 of the Dungeon.
You were not hungry.

You visited 1 branch of the dungeon, and saw 3 of its levels.

You collected 115 gold pieces.

Inventory:

Hand Weapons
 a - a +0 falchion (weapon)
Armour
 b - a cursed -1 robe (worn)
 j - a +0 helmet (worn)
Jewellery
 t - a ring of fire (left hand)
Scrolls
 e - 2 scrolls of enchant armour {unknown}
 g - a scroll of fear {unknown}
 l - a scroll of magic mapping {unknown}
 m - 2 scrolls of noise {unknown}
 n - a scroll of amnesia {unknown}
 p - a scroll of blinking {unknown}
 q - 2 scrolls of teleportation {unknown}
 r - 4 scrolls of identify {unknown}
 v - a scroll of fog {unknown}
Potions
 f - 2 potions of berserk rage {unknown}
 h - a potion of brilliance {unknown}
 i - a potion of heal wounds {unknown}
 k - a potion of resistance {unknown}
 o - 2 potions of ambrosia {unknown}
 s - 2 potions of haste {unknown}
 u - a potion of flight {unknown}
 w - a potion of curing {unknown}
Books
 c - a book of Battle

   Spells                             Type                      Level
   a - Infusion                       Charms                       1
   b - Shroud of Golubria             Charms/Translocation         2
   c - Song of Slaying                Charms                       2
   d - Spectral Weapon                Hexes/Charms                 3
   e - Regeneration                   Charms/Necromancy            3
Comestibles
 d - 6 rations
 x - 2 chunks of flesh


   Skills:
 + Level 2.6 Fighting
 + Level 2.5 Long Blades
 * Level 2.0 Armour
 - Level 1.7 Dodging
 - Level 2.0 Spellcasting
 + Level 3.2 Charms


You had 2 spell levels left.
You knew the following spells:

 Your Spells              Type           Power        Failure   Level  Hunger
a - Shroud of Golubria    Chrm/Tloc      #.........   17%         2    ###....
b - Song of Slaying       Chrm           ##......     9%          2    ###....
c - Infusion              Chrm           ##..         6%          1    #......


Dungeon Overview and Level Annotations

Branches:
Dungeon (3/15)

Altars:
Kikubaaqudgha
Okawaru


Innate Abilities, Weirdness & Mutations

You have sharp toenails.
You are slightly more attuned to the shadows.


Message History

You hit the worker ant but do no damage.
The worker ant is almost dead.
You feel sick. The worker ant closely misses you.
You riposte.
You hit the worker ant but do no damage.
You claw the worker ant, but do no damage.
The worker ant is almost dead.
You closely miss the worker ant.
The worker ant is almost dead.
Your shroud unravels.
The worker ant barely misses you. The worker ant bites you!
You hit the worker ant.
You kill the worker ant!
Your Armour skill increases to level 2!
You have reached level 4!
You feel clever.
Your demonic ancestry asserts itself...
You slip into the darkness of the dungeon.
You feel sick.
Autopickup is now off.
Autopickup is now on.
Are you sure you want to abandon this character and quit the game? (Confirm with "yes".)

#.......#
#.......#
#.......#
#.......#
#.......#
#.......+
#.......####
##.####.†..#
#.##@#
#.#..#
#.#.## #.#<#
#.### #.# #.


There were no monsters in sight!

Vanquished Creatures
  A worker ant (D:3)
  An adder (D:2)
  A worm (D:2)
  A dart slug (D:1)
  A leopard gecko (D:1)
  4 bats
  2 giant cockroaches (D:1)
  5 goblins
  6 hobgoblins
  4 kobolds (D:1)
  A quokka (D:2)
  3 frilled lizards (D:1)
  5 rats
35 creatures vanquished.

Notes
Turn   | Place    | Note
-------+----------+-------------------------------------------
     0 | D:1      | Ivernyr the Demonspawn Skald began the quest for the Orb.
     0 | D:1      | Reached XP level 1. HP: 16/16 MP: 3/3
    88 | D:1      | Gained mutation: You have sharp toenails. [demonic ancestry]
    88 | D:1      | Reached XP level 2. HP: 17/22 MP: 5/5
   340 | D:1      | Learned a level 2 spell: Song of Slaying
   343 | D:1      | Learned a level 2 spell: Shroud of Golubria
   403 | D:1      | Reached skill level 1 in Armour
   403 | D:1      | Reached skill level 3 in Charms
   939 | D:1      | Reached XP level 3. HP: 28/28 MP: 6/6
  1400 | D:2      | Found an iron altar of Okawaru.
  1453 | D:2      | Found an ancient bone altar of Kikubaaqudgha.
  1806 | D:3      | Gained mutation: You are slightly more attuned to the shadows. [demonic ancestry]
  1806 | D:3      | Reached XP level 4. HP: 15/34 MP: 5/7
  1808 | D:3      | Quit the game

Skill      XL: |  1  2  3 |
---------------+----------+-----
Long Blades    | 2 |  2.5
Armour         | 1 2 |  2.0
Charms         | 3 |  3.2
Fighting       | |  2.6
Dodging        | |  1.7
Spellcasting   | |  2.0

Action                   |  1- 3 |  4- 6 || total
-------------------------+-------+-------++-------
Melee: Falchion          |    98 |       ||    98
       Kick              |    21 |       ||    21
 Cast: Shroud of Golubri |     3 |       ||     3
  Eat: Chunk             |     3 |       ||     3
Armor: Leather armour    |    24 |       ||    24
       Robe              |     8 |       ||     8
Dodge: Dodged            |    83 |       ||    83
       Rpst.: Falchion   |    21 |       ||    21
